 Dungeon Crawl Stone Soup version 0.22.1-1-ga44c0e5 (webtiles) character file.

82 Starchild the Skirmisher (level 4, -6/39 HPs)
             Began as a Demonspawn Monk on Oct 24, 2018.
             Killed by nerve-wracking pain
             ... invoked by Grinder
              (10 damage)
             ... on level 3 of the Dungeon.
             The game lasted 00:04:14 (1804 turns).

Starchild the Skirmisher (Demonspawn Monk)          Turns: 1804, Time: 00:04:15

Health: -6/39      AC:  8    Str: 12    XL:     4   Next: 21%
Magic:  4/4        EV: 13    Int: 12    God:
Gold:   104        SH:  0    Dex: 15    Spells: 3/3 levels left

rFire    + . .     SeeInvis .   a - +0 hand axe
rCold    + . .     Gourm    .   (no shield)
rNeg     . . .     Faith    .   b - +0 robe
rPois    +         Spirit   .   (no helmet)
rElec    +         Reflect  .   m - scarf {repulsion}
rCorr    +         Harm     .   (no gloves)
MR       .....                  (no boots)
Stlth    ++........             (no amulet)
HPRegen  0.13/turn              (no ring)
MPRegen  0.09/turn              (no ring)

@: about to teleport, resistant, sanguine armour, repel missiles
A: spiny 1, sanguine armour 1
a: no special abilities


You were on level 3 of the Dungeon.
You were not hungry.

You visited 1 branch of the dungeon, and saw 3 of its levels.

You collected 104 gold pieces.

Inventory:

Hand Weapons
 a - a +0 hand axe (weapon)
Missiles
 g - 5 tomahawks (quivered)
 i - 188 stones
Armour
 b - a +0 robe (worn)
 m - a scarf of repulsion (worn)
Scrolls
 l - a scroll of teleportation
 o - a scroll of remove curse {unknown}
Potions
 d - a potion of resistance
 e - a potion of ambrosia {unknown}
 f - a potion of degeneration {unknown}
 h - a potion of mutation {unknown}
 j - a potion of agility
 k - a potion of curing {unknown}
Comestibles
 c - 7 rations
 n - a chunk of flesh


   Skills:
 + Level 5.1 Fighting
 - Level 2.6 Axes
 - Level 2.6 Dodging
 - Level 1.7 Stealth


You had 3 spell levels left.
You didn't know any spells.
Your spell library was empty.

Dungeon Overview and Level Annotations

Branches:
Dungeon (3/15)

Altars:

Annotations:
D:3 Grinder


Innate Abilities, Weirdness & Mutations

You are partially covered in sharp spines.
When seriously injured, your bleeding wounds create armour. (AC +6)


Message History

Grinder gestures at you. Pain shoots through your body!
You hit Grinder.
Grinder is lightly wounded.
Grinder hits you.
You writhe in agony.
You hit Grinder.
Grinder is lightly wounded.
Grinder hits you.
* * * LOW HITPOINT WARNING * * *
You writhe in agony.
* * * LOW HITPOINT WARNING * * *
As you read the scroll labeled KET MUUDUIHU, it crumbles to dust.
You feel strangely unstable.
It was a scroll of teleportation.
Grinder hits you.
* * * LOW HITPOINT WARNING * * *
It was a potion of resistance.
You feel protected. Grinder gestures at you. Pain shoots through your body!
You die...

#..##...# #.# # (.
###..##...### #.# # #!#
#>....'...'.# #.#
...#.#..##...#.# #.# #.#
#..##...#.# #.#
...#..##...#.# #.#
.####(#..##...#.###.#
......5..######..##.####
..###..@................
####.#######†##.#### #.#
#..#.# # .# ##.#.# # .#
#.#.# # .# #.#.# # .#
#...# # .# #######..# #
#........# #


You could see Grinder.

Vanquished Creatures
  3 adders
  An ooze (D:3)
  2 worms (D:2)
  A dart slug (D:1)
  2 leopard geckos
  4 bats
  3 giant cockroaches
  4 goblins
  5 hobgoblins
  A quokka (D:2)
  A ball python (D:1)
  3 frilled lizards
  9 kobolds
  4 rats (D:1)
43 creatures vanquished.

Notes
Turn   | Place    | Note
-------+----------+-------------------------------------------
     0 | D:1      | Starchild the Demonspawn Monk began the quest for the Orb.
     0 | D:1      | Reached XP level 1. HP: 18/18 MP: 1/1
   120 | D:1      | Gained mutation: You are partially covered in sharp spines.
                  | [demonic ancestry]
   120 | D:1      | Reached XP level 2. HP: 24/24 MP: 2/2
   384 | D:1      | Reached skill level 4 in Fighting
   874 | D:2      | Reached XP level 3. HP: 19/30 MP: 3/3
  1642 | D:3      | Gained mutation: When seriously injured, your bleeding
                  | wounds create armour. (AC +6) [demonic ancestry]
  1642 | D:3      | Reached XP level 4. HP: 32/38 MP: 4/4
  1700 | D:3      | Reached skill level 5 in Fighting
  1790 | D:3      | Noticed Grinder
  1792 | D:3      | Paralysed by Grinder for 2 turns
  1797 | D:3      | Paralysed by Grinder for 3 turns
  1804 | D:3      | Killed from afar by Grinder

Skill      XL: |  1  2  3  4 |
---------------+-------------+-----
Fighting       | 4 5 |  5.1
Axes           | |  2.6
Dodging        | |  2.6
Stealth        | |  1.7

Action                   |  1- 3 |  4- 6 || total
-------------------------+-------+-------++-------
Melee: Hand axe          |   101 |    13 ||   114
Throw: Tomahawk          |       |     3 ||     3
  Use: Scroll            |       |     1 ||     1
       Potion            |       |     1 ||     1
 Stab: Sleeping          |     5 |       ||     5
  Eat: Chunk             |     1 |     2 ||     3
Armor: Robe              |    20 |     1 ||    21
Dodge: Dodged            |    80 |     4 ||    84
       Deflected         |     2 |       ||     2
